 Dungeon Crawl Stone Soup version 0.29.1-12-g30fa7ad0bf (webtiles) character file.

Game seed: 15709745978345372691

830 sneakypete the Chopper (level 7, -3/54 HPs)
             Began as a Demonspawn Gladiator on Jan 12, 2023.
             Was an Initiate of Yredelemnul.
             Slain by an orc warrior
             ... wielding a +0 halberd
              (19 damage)
             ... on level 5 of the Dungeon.
             The game lasted 00:31:34 (5366 turns).

sneakypete the Chopper (Demonspawn Gladiator)       Turns: 5366, Time: 00:31:35

Health: -3/54      AC: 11    Str: 16    XL:     7   Next: 65%
Magic:  7/7        EV:  8    Int: 10    God:    Yredelemnul [......]
Gold:   300        SH:  0    Dex: 14    Spells: 6/6 levels left

rFire   . . .      SeeInvis .   v - +0 mace (venom)
rCold   + . .      Faith    .   (no shield)
rNeg    . . .      Spirit   .   B - +0 chain mail
rPois   .          Reflect  .   c - +1 helmet
rElec   .          Harm     .   (no cloak)
rCorr   .          Rampage  .   (no gloves)
Will    .....                   (no boots)
Stlth   ..........              u - amulet of magic regeneration
HPRegen 0.18/turn               j - ring of wizardry
MPRegen 0.50/turn               t - ring of protection from cold

@: no status effects
A: claws 1, demonic guardian 2, demonic magic 2
a: Renounce Religion, Recall Undead Harvest


You were on level 5 of the Dungeon.
You worshipped Yredelemnul.
Yredelemnul was noncommittal.
You visited 2 branches of the dungeon, and saw 6 of its levels.

You collected 300 gold pieces.

Inventory:

Hand Weapons
 a - a +0 war axe
 q - a +0 long sword
 v - a +0 mace of venom (weapon)
 w - a +1 dagger of draining
 C - a +0 whip of freezing
Missiles
 d - 3 throwing nets (quivered)
 e - a javelin
Armour
 b - a +0 leather armour
 c - a +1 helmet (worn)
 i - a +0 ring mail
 m - a +0 ring mail
 r - a +0 ring mail
 A - a +1 robe of willpower
 B - a +0 chain mail (worn)
Jewellery
 j - a ring of wizardry (left claw)
 t - a ring of protection from cold (right claw)
 u - an amulet of magic regeneration (around neck)
 D - a ring of positive energy
Wands
 F - a wand of iceblast (6)
Scrolls
 f - a scroll of vulnerability {unknown}
 g - a scroll of enchant armour
 h - a scroll of amnesia {unknown}
 k - 2 scrolls of magic mapping
 n - 2 scrolls of teleportation {unknown}
 s - 3 scrolls of identify {unknown}
 y - a scroll of poison {unknown}
 z - a scroll of silence {unknown}
 E - a scroll of noise {unknown}
Potions
 l - 4 potions of curing
 o - a potion of cancellation {unknown}
 p - a potion of lignification {unknown}
 x - 2 potions of haste {unknown}


   Skills:
 + Level 4.2 Fighting
 + Level 4.7(5.0) Axes
 - Level 2.6(4.0) Maces & Flails
 + Level 1.8 Throwing
 + Level 3.5 Armour
 + Level 3.9 Dodging
 + Level 1.5 Stealth
 + Level 0.4 Invocations


You had 6 spell levels left.
You didn't know any spells.
Your spell library contained the following spells:

 Spells                   Type           Power      Damage    Failure   Level
 Magic Dart               Conj           0%         1d3       91%         1
 Call Imp                 Summ           0%         N/A       97%         2
 Mephitic Cloud           Conj/Pois/Air  0%         N/A       99%         3


Dungeon Overview and Level Annotations

Branches:
Dungeon (5/15)             Temple (1/1) D:4

Altars:
Hepliaklqana
Nemelex Xobeh
Ru
Trog
Vehumet
Xom
Yredelemnul


Innate Abilities, Weirdness & Mutations

You have sharp fingernails.
A demonic guardian rushes to your aid.
Spells you cast may paralyse nearby enemies.


Message History

Your rust devil misses the ice beast.
You sock the ice beast!
You kill the ice beast!
You swap places.
You start resting.
Your rust devil disappears in a puff of smoke!
HP restored.
x - 2 ruby potions (gained 1)
You swap places.
An orc comes into view. It is wielding a +0 trident.
The orc shouts!
You hear a shout! x2
An orc warrior comes into view. It is wielding a +0 halberd.
You hear a shout!
The orc warrior shouts!
You hear a shout! x2
The orc closely misses you.
You hit the orc.
The orc is poisoned.
The orc is heavily wounded.
The orc warrior hits you from afar with a +0 halberd!
The orc hits you with a +0 trident.
You hit the orc.
You kill the orc!
The orc warrior hits you from afar with a +0 halberd!
The orc warrior hits you from afar with a +0 halberd.
You swap places.
The orc warrior barely misses your ice beast zombie.
Your ice beast zombie hits the orc warrior but does no damage.
The orc warrior barely misses you.
You swap places.
The orc warrior hits you with a +0 halberd!
* * * LOW HITPOINT WARNING * * *
You see here a +0 trident.
You closely miss the orc warrior. The orc warrior barely misses you.
An orc comes into view. It is wielding a +0 club.
You hit the orc warrior but do no damage.
The orc warrior closely misses you.
A jelly comes into view.
You hit the orc warrior but do no damage.
The orc warrior hits you with a +0 halberd!!
You die...
Your body rises from the dead as a mindless zombie.

# ######.#.#
# #.# # #.#
### #.# ..#
#.# #.# #.#
#.# #.# .
#.#
#.######.≈.≈
..#
#..Z@o.o.≈.≈
..#
########.≈.≈
..# J ###


You could see an orc warrior (ally target), a jelly, an orc and a friendly ice
beast zombie.

Vanquished Creatures
  Grinder (D:4)
  2 ice beasts (D:5)
  A necrophage (D:4)
  A scorpion (D:4)
  An iguana (D:4)
  Natasha (twice) (D:4)
  5 adders
  4 worms
  A dart slug (D:2)
  5 orcs
  2 bats
  2 endoplasms (D:2)
  3 giant cockroaches
  8 goblins
  8 hobgoblins
  3 quokkas
  6 ball pythons
  5 kobolds
  2 rats
62 creatures vanquished.

Vanquished Creatures (collateral kills)
  Blork the orc (D:4)
  A hound (D:4)
  An iguana (D:4)
  An adder (D:4)
  An ufetubus (D:4)
  An endoplasm (D:4)
  A goblin (D:4)
  A hobgoblin (D:3)
  A quokka (D:4)
  A rat (D:2)
10 creatures vanquished.

Vanquished Creatures (others)
  An adder zombie (D:5)
  A bat zombie (D:3)
  An endoplasm zombie (D:4)
  A giant cockroach zombie (D:2)
  A hobgoblin zombie (D:4)
  A quokka zombie (D:4)
  A rat zombie (D:2)
7 creatures vanquished.

Grand Total: 79 creatures vanquished

Notes
Turn   | Place    | Note
-------+----------+-------------------------------------------
     0 | D:1      | sneakypete the Demonspawn Gladiator began the quest for the
                  | Orb.
     0 | D:1      | Reached XP level 1. HP: 16/16 MP: 1/1
   738 | D:1      | Gained mutation: A weak demonic guardian rushes to your
                  | aid. [demonic ancestry]
   738 | D:1      | Reached XP level 2. HP: 18/22 MP: 2/2
  1151 | D:1      | Found a faded altar of an unknown god.
  1154 | D:1      | Prayed at the altar of an unknown god.
  1154 | D:1      | Became a worshipper of Yredelemnul the Dark
  1154 | D:1      | Reached * piety under Yredelemnul
  1543 | D:2      | Reached skill level 1 in Armour
  1692 | D:2      | Gained mutation: Spells you cast may paralyse adjacent
                  | enemies. [demonic ancestry]
  1692 | D:2      | Reached XP level 3. HP: 27/27 MP: 3/3
  1771 | D:2      | Reached skill level 1 in Stealth
  3152 | D:4      | Reached XP level 4. HP: 18/34 MP: 4/4
  3368 | D:4      | Noticed Natasha
  3369 | D:4      | Noticed a scorpion
  3375 | D:4      | Killed Natasha
  3376 | D:4      | Reached skill level 1 in Maces & Flails
  3379 | D:4      | Killed a scorpion
  3380 | D:4      | Gained mutation: A demonic guardian rushes to your aid.
                  | [demonic ancestry]
  3380 | D:4      | Reached XP level 5. HP: 13/39 MP: 5/5
  3670 | D:4      | Noticed Blork the orc
  3677 | D:4      | Killed Blork the orc
  3678 | D:4      | Gained mutation: You have sharp fingernails. [demonic
                  | ancestry]
  3678 | D:4      | Reached XP level 6. HP: 17/46 MP: 6/6
  3981 | D:4      | Reached ** piety under Yredelemnul
  4185 | D:4      | Found a staircase to the Ecumenical Temple.
  4192 | D:4      | Reached *** piety under Yredelemnul
  4198 | Temple   | Entered the Ecumenical Temple
  4346 | D:4      | Noticed Natasha
  4359 | D:4      | Killed Natasha
  4586 | D:4      | Noticed Grinder
  4598 | D:4      | Killed Grinder
  4599 | D:4      | Gained mutation: Spells you cast may paralyse nearby
                  | enemies. [demonic ancestry]
  4599 | D:4      | Reached XP level 7. HP: 32/53 MP: 7/7
  4780 | D:4      | Found a sparkling altar of Nemelex Xobeh.
  4780 | D:4      | Found a transporter.
  4931 | D:5      | Entered Level 5 of the Dungeon
  5003 | D:5      | Found a bloodstained altar of Trog.
  5366 | D:5      | Slain by an orc warrior

Illustrated notes

Levels and vault maps discovered:
D:1:      reono_arrival_forest_river, layout_basic,
          hellmonk_ecumenical_altar_inner_sanctum
D:2:      layout_basic
D:3:      layout_basic
D:4:      layout_cave_pods, grunt_nemelex_the_gamble, minmay_temple_entry_fiery,
          uniq_blork_the_orc, uniq_natasha, uniq_grinder
D:5:      layout_basic, mainiacjoe_overflow_paths,
          mainiacjoe_overflow_catwalk_spiral
Temple:   hellmonk_temple_two_chambers

Skill      XL: |  1  2  3  4  5  6  7 |
---------------+----------------------+-----
Dodging        | 3 |  3.9
Axes           | 3 4 |  4.7
Armour         | 1 2 3 |  3.5
Stealth        | 1 |  1.5
Maces & Flails | 1 2 |  2.6
Fighting       | 3 4 |  4.2
Throwing       | |  1.8
Invocations    | |  0.4

Action                   |  1- 3 |  4- 6 |  7- 9 || total
-------------------------+-------+-------+-------++-------
Melee: War axe           |   146 |     7 |       ||   153
       Mace              |     8 |    58 |    40 ||   106
       Punch             |     2 |       |       ||     2
Invok: Recall Undead Har |     1 |       |       ||     1
  Use: Potion            |       |     4 |       ||     4
       Scroll            |       |     2 |       ||     2
 Stab: Distracted        |       |     1 |     1 ||     2
Armor: Ring mail         |    64 |    21 |       ||    85
       Leather armour    |     5 |       |       ||     5
       Chain mail        |       |    14 |    23 ||    37
Dodge: Dodged            |    87 |    46 |    22 ||   155
